 Dungeon Crawl Stone Soup version 0.29.1 (webtiles) character file.

Game seed: 10049239797961777275

37496 Icepheonix32 the Thaumaturge (level 13, -1/99 HPs)
             Began as a Yellow Draconian Fire Elementalist on Sept 12, 2022.
             Was an Elder of Qazlal.
             Slain by a komodo dragon (16 damage)
             ... on level 2 of the Lair of Beasts.
             The game lasted 00:50:45 (25464 turns).

Icepheonix32 the Thaumaturge (DrFE)                Turns: 25464, Time: 00:50:46

Health: -1/99      AC: 12    Str: 11    XL:     13   Next: 58%
Magic:  0/29       EV: 14    Int: 25    God:    Qazlal [****..]
Gold:   1042       SH:  5    Dex: 15    Spells: 14/37 levels left

rFire   + . .      SeeInvis .   d - +1 mace (protect)
rCold   + . .      Faith    .   (no shield)
rNeg    . . .      Spirit   +   (body armour unavailable)
rPois   .          Reflect  .   (helmet restricted)
rElec   .          Harm     .   e - +1 cloak
rCorr   +          Rampage  .   l - +1 pair of gloves
Will    .....                   (no boots)
Stlth   ++........              O - amulet of guardian spirit
HPRegen 0.26/turn               K - ring of protection from fire
MPRegen 0.21/turn               G - +6 ring of intelligence

@: repel missiles
A: spit acid, AC +8, unfitting armour, cold-blooded, acid resistance, agile 1,
cold resistance 1
a: Breathe Acid, Renounce Religion, Upheaval, Elemental Force


You were on level 2 of the Lair of Beasts.
You worshipped Qazlal.
Qazlal was greatly pleased with you.
You visited 3 branches of the dungeon, and saw 17 of its levels.
You also visited: Sewer.

You collected 1042 gold pieces.

Inventory:

Hand Weapons
 d - a +1 mace of protection (weapon)
 A - a +4 dagger
 B - a +4 morningstar
 M - a +3 flail of holy wrath
Missiles
 v - 4 javelins
 y - 35 poisoned darts
 F - a throwing net
 L - 5 curare-tipped darts
Armour
 e - a +1 cloak (worn)
 i - a scarf of invisibility
 l - a +1 pair of gloves (worn)
Magical Staves
 g - a staff of air
 Q - a staff of earth
Jewellery
 j - a +6 ring of strength
 G - a +6 ring of intelligence (right hand)
 K - a ring of protection from fire (left hand)
 O - an amulet of guardian spirit (around neck)
Wands
 h - a wand of polymorph (8)
 q - a wand of flame (30)
 C - a wand of iceblast (13)
 E - a wand of mindburst (14)
Scrolls
 b - 2 scrolls of teleportation
 c - 4 scrolls of magic mapping
 f - 2 scrolls of immolation
 m - 3 scrolls of fear
 n - a scroll of enchant weapon
 o - a scroll of amnesia
 p - 2 scrolls of butterflies
 r - a scroll of blinking
 x - 2 scrolls of poison
 D - a scroll of silence
 H - 2 scrolls of identify
 I - 2 scrolls of torment
 P - a scroll of vulnerability
Potions
 a - 5 potions of magic
 k - 3 potions of brilliance
 s - 2 potions of flight
 t - 2 potions of curing
 u - 3 potions of attraction
 w - 2 potions of might
 z - 2 potions of cancellation
 J - a potion of haste
Miscellaneous
 N - a phantom mirror (inert)


   Skills:
 + Level 4.5 Fighting
 + Level 5.3 Maces & Flails
 + Level 4.6 Dodging
 + Level 4.1 Stealth
 + Level 1.7 Shields
 + Level 12.9 Spellcasting
 + Level 8.6 Conjurations
 * Level 5.0 Hexes
 * Level 12.7 Fire Magic
 * Level 6.0 Invocations


You had 14 spell levels left.
You knew the following spells:

 Your Spells              Type           Power      Damage    Failure   Level
a - Foxfire               Conj/Fire      100%       2x1d9     1%          1
b - Scorch                Fire           100%       2d10      1%          2
c - Sticky Flame          Conj/Fire      62%        2d8       1%          4
d - Flame Wave            Conj/Fire      62%        2d14      1%          4
e - Ignite Poison         Fire/Tmut/Pois 37%        N/A       1%          3
f - Conjure Flame         Conj/Fire      62%        6-21      1%          3
g - Inner Flame           Hex/Fire       57%        N/A       1%          3
h - Tukima's Dance        Hex            41%        N/A       1%          3

Your spell library contained the following spells:

 Spells                   Type           Power      Damage    Failure   Level
 Portal Projectile        Hex/Tloc       56%        N/A       3%          3
 Frozen Ramparts          Ice            32%        1d5       11%         3
 Ice Form                 Ice/Tmut       16%        N/A       36%         4
 Summon Ice Beast         Ice/Summ       16%        N/A       36%         4
 Blade Hands              Tmut           8%         N/A       71%         5
 Summon Cactus Giant      Summ           8%         N/A       99%         6


Dungeon Overview and Level Annotations

Branches:
Dungeon (14/15)            Temple (1/1) D:7            Lair (2/5) D:8
    Orc (0/2) D:11          Sewer (visited)
  Swamp: Lair:2-3    Shoals: Lair:2-3     Snake: Lair:2-3    Spider: Lair:2-3
 Vaults: D:13-14

Altars:
Ashenzari
Cheibriados
Dithmenos
Elyvilon
Fedhas
Gozag
Hepliaklqana
Kikubaaqudgha
Makhleb
Nemelex Xobeh
Okawaru
Qazlal
Ru
Sif Muna
Trog
Uskayaw
Vehumet
Wu Jian
Xom
Yredelemnul
Zin
The Shining One

Annotations:
D:3 2 transporters, mathmaestro's ghost, amateur DsNe
D:9 exclusion: obsidian statue
D:10 2 transporters


Innate Abilities, Weirdness & Mutations

You can spit globs of acid.
Your golden yellow scales are hard. (AC +8)
You cannot fit into any form of body armour.
You are cold-blooded and may be slowed by cold attacks.
You are resistant to acid. (rCorr)
You are agile. (Dex +4, Str/Int -1)
Your flesh is cold resistant. (rC+)


Message History

The elephant is engulfed in blazing flames.
The elephant misses you.
The elephant trunk-slaps you but does no damage.
The elephant attacks as you move away! The elephant misses you.
The elephant trunk-slaps you.
* * * LOW HITPOINT WARNING * * *
The elephant is engulfed in blazing flames.
Unknown command.
Okay, then.
You hear a roar!
You hear an angry hiss.
A four-headed hydra comes into view.
The four-headed hydra roars!
A water moccasin comes into view.
Casting: Foxfire (safe; 1% risk of failure)
Confirm with . or Enter, or press ? or * to list all spells.
Flames lash the elephant.
You kill the elephant!
Qazlal accepts your kill.
Your Invocations skill increases to level 6!
Unknown command.
A komodo dragon is nearby!
Casting: Scorch (safe; 1% risk of failure)
Confirm with . or Enter, or press ? or * to list all spells.
Okay, then.
Aiming: Iceblast
Press: ? - help, Shift-Dir - straight line, f - komodo dragon
Aim: a komodo dragon The mass of ice explodes!
The iceblast engulfs the komodo dragon!
The komodo dragon is moderately wounded.
Unknown command.
Aiming: Iceblast
Press: ? - help, Shift-Dir - straight line, p - komodo dragon
Okay, then.
Aiming: Phantom Mirror
Press: ? - help, Dir - move target, f - four-headed hydra, p - komodo dragon
Aim: a four-headed hydra You reflect the four-headed hydra with the mirror!
The mirror clouds!
The komodo dragon bites you!
You die...

###.#######.###P#.
..................
.............(....
......../........
.#.#†#.#.........
........#.(.####
............#
........#...######
.......†......##@#
.......<....#D.l##
........#...###+#
........#...#
.#.###.+#...$..
... >....#..##.#
.. .....##D## #
P##P.# .S. .# ###
#.


You could see a four-headed hydra and a komodo dragon.

Vanquished Creatures
  Frances (D:13)
  Nessos (D:12)
  Josephine (D:12)
  A hydra (D:12)
  A boulder beetle (D:13)
  5 centaur warriors
  4 two-headed ogres
  A deep elf pyromancer (D:12)
  An ugly thing (D:12)
  2 manticores
  4 cyclopes
  3 elephants (Lair:2)
  Maurice (D:8)
  A black mamba (Lair:1)
  3 cane toads (Lair:1)
  5 gargoyles
  2 unseen horrors
  Psyche (D:8)
  A rime drake (Lair:1)
  A yaktaur (D:14)
  An efreet (D:13)
  4 komodo dragons
  3 hornets
  8 trolls
  6 polar bears (Lair:1)
  Prince Ribbit (D:8)
  Grinder (D:3)
  4 blink frogs (Lair:1)
  5 slime creatures
  3 shadows
  6 wraiths
  21 yaks
  2 wyverns
  5 basilisks
  10 vampire mosquitoes
  4 steam dragons
  An acid dragon (D:12)
  2 water moccasins (Lair:1)
  6 orc warriors
  A meliai simulacrum (D:13)
  2 sky beasts
  Pargi (Sewer)
  2 ice beasts (D:7)
  9 black bears
  11 centaurs
  An ogre (D:6)
  4 phantoms
  8 bullfrogs
  3 kobold brigands
  A gnoll sergeant (D:12)
  A necrophage (D:6)
  6 wights
  9 killer bees
  3 troll zombies (D:11)
  3 howler monkeys
  2 electric eels (Lair:1)
  2 jellies
  3 hounds
  4 orc priests
  3 gnoll boudas
  Terence (D:2)
  4 iguanas
  7 orc wizards
  5 ogre zombies (D:11)
  Robin (D:3)
  22 gnolls
  4 adders
  A white imp (D:5)
  3 ufetubi
  5 worms
  3 dart slugs
  25 orcs
  7 bats
  5 endoplasms
  5 giant cockroaches
  15 goblins
  12 hobgoblins
  25 kobolds
  4 quokkas
  7 ball pythons
  4 frilled lizards
  2 goblin zombies (D:11)
  2 hobgoblin skeletons (D:11)
  2 hobgoblin zombies (D:11)
  2 orc skeletons (D:11)
  17 orc zombies (D:11)
  5 rats
  A spectral orc (D:10)
  5 foxfires
413 creatures vanquished.

Vanquished Creatures (collateral kills)
  4 foxfires (Lair:1)
4 creatures vanquished.

Vanquished Creatures (others)
  1270 foxfires
  7 plants
1277 creatures vanquished.

Grand Total: 1694 creatures vanquished

Notes
Turn   | Place    | Note
-------+----------+-------------------------------------------
     0 | D:1      | Icepheonix32 the Draconian Fire Elementalist began the
                  | quest for the Orb.
     0 | D:1      | Reached XP level 1. HP: 14/14 MP: 3/3
   421 | D:1      | Reached XP level 2. HP: 20/20 MP: 3/5
   571 | D:1      | Found a faded altar of an unknown god.
  1307 | D:2      | Reached XP level 3. HP: 18/26 MP: 1/6
  1727 | D:2      | Noticed Terence
  1841 | D:2      | Reached XP level 4. HP: 29/34 MP: 4/7
  1856 | D:2      | Learned a level 2 spell: Scorch
  2416 | D:2      | Found a shadowy altar of Dithmenos.
  2673 | D:2      | Killed Terence
  3275 | D:3      | Noticed Grinder
  3277 | D:3      | Paralysed by Grinder for 4 turns
  3295 | D:3      | Killed Grinder
  3296 | D:3      | Reached skill level 1 in Maces & Flails
  3296 | D:3      | Reached XP level 5. HP: 39/39 MP: 1/10
  3296 | D:3      | Reached XP level 6. HP: 46/46 MP: 1/11
  3381 | D:3      | Found a blossoming altar of Fedhas.
  3761 | D:3      | Found a transporter.
  3765 | D:3      | Found a transporter.
  3771 | D:3      | Noticed mathmaestro's ghost (amateur DsNe)
  3826 | D:3      | Noticed Robin
  3854 | D:3      | Killed Robin
  3958 | D:3      | Found a shimmering blue altar of Sif Muna.
  3970 | D:3      | Found an iron altar of Okawaru.
  4660 | D:4      | Reached skill level 1 in Fighting
  5090 | D:5      | Entered Level 5 of the Dungeon
  5147 | D:5      | Your scales start taking on a golden yellow colour.
  5147 | D:5      | Reached XP level 7. HP: 26/52 MP: 1/13
  5147 | D:5      | Gained mutation: You are resistant to acid. (rCorr) [Yellow
                  | Draconian growth]
  5187 | D:5      | Found a glowing drain.
  5212 | Sewer    | Entered a sewer
  5347 | Sewer    | Noticed Pargi
  5354 | Sewer    | Killed Pargi
  5675 | D:5      | Reached skill level 5 in Spellcasting
  5998 | D:5      | Noticed a hornet
  6002 | D:5      | Killed a hornet
  6003 | D:5      | Reached XP level 8. HP: 61/61 MP: 9/16
  6074 | D:5      | Found a snail-covered altar of Cheibriados.
  6393 | D:6      | Reached skill level 5 in Fire Magic
  6943 | D:5      | Learned a level 4 spell: Sticky Flame
  6948 | D:5      | Learned a level 4 spell: Flame Wave
  6952 | D:5      | Learned a level 3 spell: Ignite Poison
  6956 | D:5      | Learned a level 3 spell: Conjure Flame
  7740 | D:7      | Reached XP level 9. HP: 57/67 MP: 6/19
  7741 | D:7      | Reached skill level 5 in Conjurations
  8356 | D:7      | Found a staircase to the Ecumenical Temple.
  8455 | Temple   | Entered the Ecumenical Temple
  9040 | Temple   | Became a worshipper of Qazlal Stormbringer
  9560 | D:8      | Noticed Maurice
  9634 | D:8      | Killed Maurice
 10393 | D:8      | Noticed Prince Ribbit
 10397 | D:8      | Killed Prince Ribbit
 10398 | D:8      | Reached XP level 10. HP: 74/74 MP: 18/23
 10422 | D:8      | Noticed Psyche
 10427 | D:8      | Killed Psyche
 10437 | D:8      | Paralysed by a hornet for 2 turns
 10446 | D:8      | HP: 3/74 [poisoned by a hornet]
 11062 | D:8      | Reached skill level 10 in Spellcasting
 11065 | D:8      | Found a staircase to the Lair.
 11103 | D:8      | HP: 3/74 [basilisk (4)]
 11882 | D:9      | Noticed a two-headed ogre
 11886 | D:9      | Killed a two-headed ogre
 12006 | D:9      | Reached * piety under Qazlal
 12569 | D:9      | HP: 1/77 [something (15)]
 13029 | D:9      | Noticed an obsidian statue
 13620 | D:10     | Entered Level 10 of the Dungeon
 13895 | D:10     | Learned a level 3 spell: Inner Flame
 13948 | D:10     | Reached XP level 11. HP: 79/82 MP: 17/25
 14061 | D:10     | Reached skill level 1 in Hexes
 14283 | D:10     | Found a transporter.
 14285 | D:10     | Found a transporter.
 14304 | D:10     | Noticed a boulder beetle
 14541 | D:10     | Found a basalt altar of Yredelemnul.
 15045 | D:11     | Reached ** piety under Qazlal
 15075 | D:11     | Reached *** piety under Qazlal
 15076 | D:11     | Found a staircase to the Orcish Mines.
 16014 | D:11     | Noticed a two-headed ogre
 16019 | D:11     | Killed a two-headed ogre
 16496 | D:11     | Learned a level 3 spell: Tukima's Dance
 16600 | D:12     | Noticed a cyan ugly thing
 16955 | D:12     | Noticed Nessos
 17122 | D:12     | Reached skill level 1 in Invocations
 17585 | D:12     | Killed Nessos
 17586 | D:12     | Reached XP level 12. HP: 41/91 MP: 8/27
 17589 | D:12     | Noticed a seven-headed hydra
 18021 | D:12     | Killed a seven-headed hydra
 18022 | D:12     | Reached skill level 10 in Fire Magic
 18127 | D:12     | Found a hide-covered altar of Uskayaw.
 18763 | D:12     | Gained mutation: You are agile. (Dex +4, Str/Int -1)
                  | [potion of mutation]
 18763 | D:12     | Gained mutation: Your flesh is cold resistant. (rC+)
                  | [potion of mutation]
 18796 | D:13     | Noticed Josephine
 18897 | D:12     | Reached skill level 1 in Shields
 19365 | D:12     | Killed Josephine
 20153 | D:13     | Noticed a two-headed ogre
 20159 | D:13     | Killed a two-headed ogre
 20488 | D:13     | Noticed a two-headed ogre
 20494 | D:13     | Killed a two-headed ogre
 20579 | D:13     | Noticed a boulder beetle
 20592 | D:13     | Killed a boulder beetle
 20765 | D:13     | Noticed Frances
 20782 | D:13     | HP: 3/138 [Frances/shard of ice (27)]
 20783 | D:13     | Killed Frances
 21182 | D:13     | Noticed a centaur warrior
 21191 | D:13     | Killed a centaur warrior
 21192 | D:13     | Reached XP level 13. HP: 93/99 MP: 16/29
 21611 | D:13     | Reached **** piety under Qazlal
 22021 | D:14     | Reached skill level 5 in Invocations
 22733 | D:14     | Found an opulent altar of Gozag.
 23609 | Lair:1   | Entered Level 1 of the Lair of Beasts
 24100 | Lair:1   | Reached skill level 5 in Maces & Flails
 25425 | Lair:2   | Reached skill level 5 in Hexes
 25464 | Lair:2   | Slain by a komodo dragon

Illustrated notes

Levels and vault maps discovered:
D:1:      lemuel_arrival_lava_pool, layout_loops_corners,
          basic_ecumenical_altar, nicolae_titane
D:2:      layout_basic, basic_altar, st_stairs_13, uniq_terence
D:3:      layout_rooms, mainiacjoe_overflow_boulevard,
          mainiacjoe_overflow_big_doors, gammafunk_ghost_abyssal_escape,
          uniq_grinder, uniq_robin
D:4:      cheibrodos_quashed, layout_cave_pools
D:5:      layout_basic, kennysheep_slug_shrine, cheibrodos_sewer_entry_drain
D:6:      layout_loops_ring
D:7:      layout_cave_pools, minmay_temple_entry_ruins, serial_rivers,
          chequers_serial_rivers_room_b, chequers_serial_rivers_micro_d,
          chequers_serial_rivers_micro_c, chequers_serial_rivers_small_3,
          chequers_serial_rivers_micro_d, chequers_serial_rivers_micro_a
D:8:      layout_loops_ring, erik_lair_dragon, uniq_psyche, uniq_maurice,
          uniq_prince_ribbit1
D:9:      layout_basic, minivault_24, hex_medium, minivault_16
D:10:     gammafunk_boulding_lane, layout_cave_pods,
          yredelemnul_forgotten_temple_becter, chequers_serial_rivers_micro_a
D:11:     layout_grid_maze, zombieorc2_lemuel
D:12:     layout_cave_pools, dancing_weapons_uskayaw, uniq_nessos
D:13:     nooodl_glass_maze, layout_irregular_city, drop_trap, uniq_frances,
          uniq_josephine
D:14:     layout_small_grid, grunt_vaults_entry_fortified, grunt_gozag_statues
Temple:   minmay_crystal_spiral_temple
Lair:1:   beast_lair_carwin_large_4, layout_chaotic_city, nicolae_lair_lil_pond,
          fungi_pond_lemuel, nicolae_quartered_pool_medium, serial_bayou_shore_b
Lair:2:   layout_chaotic_city, minmay_swamp_entry_wisps,
          minmay_snake_entry_spellcaster, grunt_megastairs_2,
          serial_bayou_shore_b

Skill      XL: |  1  2  3  4  5  6  7  8  9 10 11 12 13 |
---------------+----------------------------------------+-----
Stealth        | 2 3 4 |  4.1
Dodging        | 2 3 4 |  4.6
Spellcasting   | 3 4 5 7 9 10 11 12 | 12.9
Maces & Flails | 1 2 3 4 5 |  5.3
Conjurations   | 2 3 4 6 7 8 |  8.6
Fire Magic     | 4 5 6 8 9 11 12 | 12.7
Fighting       | 1 2 3 4 |  4.5
Hexes          | 3 4 5 |  5.0
Invocations    | 2 4 6 |  6.0
Shields        | 1 |  1.7

Action                   |  1- 3 |  4- 6 |  7- 9 | 10-12 | 13-15 || total
-------------------------+-------+-------+-------+-------+-------++-------
Melee: Mace              |    37 |   118 |    47 |   114 |    67 ||   383
       Tailslap          |       |    14 |     7 |    26 |    26 ||    73
       Punch             |       |     1 |     2 |     4 |     1 ||     8
       Flail             |       |       |       |    54 |     6 ||    60
Throw: Dart              |       |       |       |     1 |       ||     1
 Cast: Foxfire           |    64 |   102 |   196 |   231 |   150 ||   743
       Scorch            |       |    20 |    63 |   111 |    47 ||   241
       Flame Wave        |       |       |     3 |    25 |     7 ||    35
       Sticky Flame      |       |       |     2 |    23 |     4 ||    29
       Conjure Flame     |       |       |       |     2 |       ||     2
       Inner Flame       |       |       |       |     4 |     4 ||     8
 Abil: Breathe Acid      |       |       |     2 |     3 |     4 ||     9
Evoke: Wand              |       |       |       |     5 |     1 ||     6
       Phantom mirror    |       |       |       |       |     1 ||     1
  Use: Potion            |     1 |       |     1 |     5 |     4 ||    11
       Scroll            |     3 |    10 |     5 |     5 |     8 ||    31
 Stab: Sleeping          |     1 |     5 |     1 |       |       ||     7
Armor: Skin              |    24 |    71 |    41 |   165 |   119 ||   420
Dodge: Dodged            |    31 |   120 |    66 |   241 |   156 ||   614
       Repelled          |       |       |       |       |     5 ||     5
Block: Other             |       |       |       |    49 |    49 ||    98
